AoeStats
← KaLong

Lombardia

507390761Analyzed
4v4 RM · 15d ago on Sep 18, 2026· 46m 55s· 8 players
Game mode
Random Map
Map size
Large (8 player)
Population
200
Speed
Normal
Resources
Standard
Victory
Conquest
Starting age
Dark Age
Ending age
Imperial Age
RankedLock teamsTeams togetherTeam positionsShared explorationLock speedFull tech treeHidden civsTurbo modeCheats
Victory
Defeat
🇧🇷 Berbers · Brazil
1602
+14
🇧🇷 Khmer · Brazil
1580
+15
🇨🇳 Huns · China
1576
+15
🇮🇳 Hindustanis · India
1478
+20
🇨🇳 Mongols · China
1697
-21
🇺🇸 Bengalis · United States
1538
-15
🇺🇸 Magyars · United States
1517
-14
🇺🇸 Hindustanis · United States
1503
-14
busy pushing deer
9:05 Feudal Age
9:47 Man-at-Arms
10:46 Arson
12:16 Loom
16:43 Double-Bit Axe
23:12 Wheelbarrow
22:23 Town Watch
25:29 Castle Age
23:46 Stone Mining
23:47 Gold Mining
23:43 Horse Collar
24:54 Scale Mail Armor
25:04 Forging
26:53 Bow Saw
27:16 Heavy Plow
27:37 Town Watch
28:44 Caravan
30:13 Hand Cart
30:16 Pikeman
33:05 Chain Mail Armor
34:53 Fortified Wall
35:35 Ballistics
34:56 Treadmill Crane
35:51 Masonry
42:04 Imperial Age
41:15 Gold Shaft Mining
41:48 Fletching
42:34 Iron Casting
42:32 Bodkin Arrow
42:38 Padded Archer Armor
42:46 Squires
44:04 Chemistry
42:44 Halberdier
44:31 Two-Man Saw
43:48 Bracer
44:49 Blast Furnace
44:06 Elite Skirmisher
45:06 Leather Archer Armor
47:03 Ring Archer Armor
倉木華
7:56 Loom
10:07 Feudal Age
14:36 Castle Age
13:04 Double-Bit Axe
18:31 Horse Collar
20:50 Bow Saw
21:49 Wheelbarrow
21:00 Town Watch
22:13 Heavy Plow
22:04 Gold Mining
22:05 Stone Mining
23:45 Hand Cart
25:10 Stone Shaft Mining
25:08 Husbandry
25:50 Forging
26:31 Gold Shaft Mining
30:46 Imperial Age
28:24 Scale Barding Armor
28:30 Bloodlines
29:29 Chain Barding Armor
29:37 Grand Trunk Road
31:31 Iron Casting
32:36 Chemistry
31:58 Conscription
31:01 Heavy Camel Rider
32:42 Two-Man Saw
33:11 Masonry
35:44 Plate Barding Armor
36:10 Blast Furnace
36:06 Siege Engineers
35:45 Imperial Camel Rider
37:10 Caravan
39:18 Hoardings
39:04 Ballistics
39:28 Coinage
41:48 Banking
Marlin
10:02 Feudal Age
8:30 Loom
11:11 Feudal Age
11:50 Double-Bit Axe
16:11 Castle Age
14:13 Horse Collar
16:02 Fletching
17:02 Bow Saw
23:28 Bodkin Arrow
26:10 Gold Mining
27:01 Ballistics
27:37 Wheelbarrow
27:34 Padded Archer Armor
27:25 Town Watch
27:45 Heavy Plow
29:10 Gold Shaft Mining
28:28 Stone Mining
32:47 Imperial Age
30:53 Hand Cart
31:19 Light Cavalry
32:11 Bloodlines
32:01 Husbandry
32:59 Elite Mangudai
34:01 Bracer
34:51 Conscription
34:59 Thumb Ring
36:26 Chemistry
35:42 Leather Archer Armor
35:56 Parthian Tactics
37:22 Forging
37:18 Scale Barding Armor
36:35 Light Cavalry
37:36 Fortified Wall
37:36 Masonry
37:09 Hussar
38:59 Iron Casting
38:45 Nomads
39:50 Caravan
45:30 Heavy Camel Rider
47:36 Drill
47:54 Hoardings
KaLong
6:04 Loom
9:46 Feudal Age
10:37 Double-Bit Axe
13:14 Scale Barding Armor
15:05 Horse Collar
21:47 Castle Age
20:41 Gold Mining
21:14 Fletching
22:37 Bloodlines
22:35 Thumb Ring
23:06 Bodkin Arrow
23:56 Padded Archer Armor
27:56 Ballistics
31:18 Bow Saw
33:58 Wheelbarrow
34:08 Gold Shaft Mining
36:34 Hand Cart
39:08 Imperial Age
37:38 Pikeman
38:57 Caravan
39:30 Scale Mail Armor
39:27 Halberdier
40:27 Chain Mail Armor
40:32 Heavy Plow
40:30 Cavalier
41:11 Husbandry
42:08 Chain Barding Armor
42:15 Paladin
44:31 Paladin
Armyofme_
7:04 Loom
9:16 Feudal Age
9:48 Double-Bit Axe
10:17 Horse Collar
22:09 Castle Age
23:10 Bow Saw
23:08 Heavy Plow
23:35 Husbandry
23:45 Bloodlines
23:53 Fletching
25:42 Bodkin Arrow
27:49 Padded Archer Armor
28:22 Ballistics
29:24 Wheelbarrow
31:05 Hand Cart
31:41 Town Watch
33:23 Leather Archer Armor
36:48 Imperial Age
35:53 Thumb Ring
36:30 Kasbah
37:48 Bracer
38:49 Chemistry
38:20 Ring Archer Armor
37:56 Elite Camel Archer
38:58 Gold Mining
38:58 Stone Mining
40:39 Conscription
41:11 Caravan
44:41 Town Patrol
46:34 Fortified Wall
46:35 Masonry
23
8:49 Feudal Age
9:21 Double-Bit Axe
11:00 Horse Collar
18:20 Castle Age
16:59 Forging
19:23 Bow Saw
18:34 Light Cavalry
19:09 Loom
20:37 Bloodlines
21:08 Heavy Plow
23:05 Wheelbarrow
22:58 Gold Mining
23:21 Town Watch
24:57 Husbandry
27:21 Stone Mining
32:14 Imperial Age
30:27 Scale Barding Armor
32:16 Chain Barding Armor
32:32 Heavy Camel Rider
33:53 Plate Barding Armor
34:10 Hand Cart
36:45 Caravan
37:29 Grand Trunk Road
37:11 Imperial Camel Rider
38:40 Hussar
39:55 Conscription
40:17 Iron Casting
42:25 Blast Furnace
43:12 Two-Man Saw
46:38 Fletching
46:55 Siege Engineers
47:11 Ballistics
Bz_青红
6:09 Loom
8:35 Feudal Age
9:36 Double-Bit Axe
11:09 Horse Collar
18:07 Castle Age
16:32 Gold Mining
17:31 Stone Mining
18:15 Town Watch
19:02 Bow Saw
19:09 Heavy Plow
26:37 Bloodlines
27:31 Scale Barding Armor
28:34 Chain Barding Armor
31:28 Wheelbarrow
32:47 Hand Cart
36:44 Imperial Age
34:28 Marauders
35:45 Forging
36:02 Husbandry
37:20 Caravan
37:52 Conscription
37:27 Elite Tarkan
39:15 Plate Barding Armor
39:17 Iron Casting
43:13 Blast Furnace
44:37 Capped Ram
45:30 Siege Ram
Tremere
8:12 Loom
11:01 Feudal Age
14:03 Castle Age
12:05 Double-Bit Axe
12:03 Horse Collar
16:02 Bow Saw
18:26 Town Watch
20:50 Husbandry
21:29 Heavy Plow
22:55 Wheelbarrow
23:56 Hand Cart
24:57 Bloodlines
25:42 Scale Barding Armor
29:44 Imperial Age
28:51 Ballistics
28:29 Light Cavalry
29:30 Chain Barding Armor
29:58 Gold Mining
29:58 Stone Mining
31:44 Plate Barding Armor
30:32 Hussar
33:13 Forging
34:59 Iron Casting
37:33 Blast Furnace
37:10 Crop Rotation
36:28 Elite Battle Elephant
37:31 Conscription
38:28 Fletching
39:41 Chemistry
38:37 Murder Holes
39:12 Tusk Swords
40:35 Bodkin Arrow
41:20 Caravan
41:51 Coinage
41:41 Bracer
41:53 Masonry
46:35 Banking
Connection lost

Rejoining the realm…

Still unreachable

The connection could not be restored.

Session expired

The server has moved on; the page needs a fresh start.